 Dungeon Crawl Stone Soup version 0.17.0-22-g5edae84 (webtiles) character file.

174 Ordine the Magician (level 5, -4/28 HPs)
             Began as a Deep Elf Wizard on Nov 13, 2015.
             Slain by a killer bee (6 damage)
             ... on level 4 of the Dungeon.
             The game lasted 00:12:59 (4251 turns).

Ordine the Magician (Deep Elf Wizard)               Turns: 4251, Time: 00:13:00

Health: -4/28      AC:  4    Str:  4    XL:     5   Next: 28%
Magic:  9/15       EV: 12    Int: 26    God:
Gold:   160        SH:  0    Dex: 13    Spells: 5 memorised, 5 levels left

rFire  . . .     SeeInvis .     f - +1 short sword
rCold  + . .     Clarity  .     a - +0 robe
rNeg   . . .     SustAt   .     (no shield)
rPois  +         Gourm    .     e - +2 hat
rElec  .         Spirit   .     (no cloak)
rCorr  .         Warding  .     (no gloves)
rMut   .         Stasis   .     (no boots)
MR     .....                    (no amulet)
Stlth  ++........               q - ring of protection from cold
                                o - ring of poison resistance

@: lethally poisoned (-4 -> -12), about to teleport, repel missiles, not
resistant to hostile enchantments, unstealthy
A: clever 1
a: no special abilities


You were on level 4 of the Dungeon.
You were not hungry.

You visited 1 branch of the dungeon, and saw 4 of its levels.

You collected 160 gold pieces.

Inventory:

Hand Weapons
 f - a +1 short sword (weapon)
Armour
 a - a +0 robe (worn)
 e - a +2 hat (worn)
Jewellery
 o - a ring of poison resistance (left hand)
 q - a ring of protection from cold (right hand)
Scrolls
 g - a scroll of enchant weapon
 r - 2 scrolls of remove curse
Potions
 b - 2 potions of might
 n - a potion of curing {unknown}
 p - a potion of ambrosia {unknown}
 s - a potion of flight {unknown}
Books
 c - a book of Minor Magic

   Spells                             Type                      Level
   a - Magic Dart                     Conjuration                  1
   b - Blink                          Translocation                2
   c - Call Imp                       Summoning                    2
   d - Repel Missiles                 Charms/Air                   2
   e - Slow                           Hexes                        2
   f - Conjure Flame                  Conjuration/Fire             3
   g - Mephitic Cloud                 Conjuration/Poison/Air       3
 t - a book of Hinderance

   Spells                             Type                      Level
   a - Confusing Touch                Hexes                        2
   b - Confuse                        Hexes                        3
   c - Gell's Gravitas                Hexes/Translocation          3
   d - Petrify                        Transmutation/Earth          4
   e - Metabolic Englaciation         Hexes/Ice                    5
Comestibles
 d - 3 bread rations
 h - a fruit
 j - 2 meat rations
 k - a slice of pizza
 m - a chunk of flesh


   Skills:
 - Level 2.4 Dodging
 - Level 2.4 Stealth
 * Level 6.0 Spellcasting
 + Level 4.1 Conjurations
 + Level 1.1 Charms
   Level 1.1 Summonings
 + Level 1.3 Translocations
 + Level 0.7 Fire Magic
 + Level 0.4 Air Magic


You had 5 spell levels left.
You knew the following spells:

 Your Spells              Type           Power        Failure   Level  Hunger
a - Magic Dart            Conj           ####         1%          1    None
b - Blink                 Tloc           N/A          10%         2    None
c - Conjure Flame         Conj/Fire      ###.....     10%         3    None
d - Mephitic Cloud        Conj/Pois/Air  ###.....     12%         3    None
e - Repel Missiles        Chrm/Air       ##....       10%         2    None


Dungeon Overview and Level Annotations

Branches:
Dungeon (4/15)
 Temple: D:4-7

Altars:
Zin
The Shining One

Annotations:
D:3 Grinder


Innate Abilities, Weirdness & Mutations

Your mind is acute. (Int +2)


Message History

You are poisoned.
The killer bee poisons you!
Drink which item? (? for menu, Esc to quit)
It was a potion of beneficial mutation.
You feel clever.
You feel fantastic!
You feel sick. The killer bee stings you.
* * * LOW HITPOINT WARNING * * *
The killer bee closely misses you. The killer bee barely misses you.
The killer bee stings you.
* * * LOW HITPOINT WARNING * * *
The killer bee completely misses you.
Read which item? (? for menu, Esc to quit)
As you read the scroll of teleportation, it crumbles to dust.
You feel strangely unstable.
* * * LOW HITPOINT WARNING * * *
You feel sick. The killer bee barely misses you.
The killer bee completely misses you.
The killer bee stings you but does no damage.
The killer bee stings you.
You die...

...# #....... # ...... #.
..... #.##....# ...#...#
#####.#..# .#
#.......y#..#
#####..>...@yy.#
######..§.....y..y.....#
....§.......§.>....#####
.###+###.#........## .#
#.# #.#........#
.###.###.#..........
.'.._###...##...#..<.....
.###.###....#.#.#.........
.# #.# #......#.#....>....


You could see 5 killer bees.

Vanquished Creatures
  A worker ant (D:4)
  Terence (D:3)
  An iguana (D:4)
  A gnoll (D:1)
  4 adders
  2 oozes
  2 giant geckos
  A ball python (D:2)
  2 bats
  5 giant cockroaches
  7 hobgoblins
  4 jackals
  2 giant newts
  6 goblins
  5 kobolds
  4 rats
48 creatures vanquished.

Notes
Turn   | Place    | Note
--------------------------------------------------------------
     0 | D:1      | Ordine the Deep Elf Wizard began the quest for the Orb.
     0 | D:1      | Reached XP level 1. HP: 10/10 MP: 7/7
   594 | D:1      | Reached XP level 2. HP: 15/15 MP: 3/9
   667 | D:1      | Learned a level 2 spell: Blink
  1307 | D:1      | Reached skill level 5 in Spellcasting
  1307 | D:1      | Reached XP level 3. HP: 19/19 MP: 2/11
  1485 | D:1      | Learned a level 3 spell: Conjure Flame
  1489 | D:1      | Learned a level 3 spell: Mephitic Cloud
  1492 | D:1      | Learned a level 2 spell: Repel Missiles
  2114 | D:2      | Found a glowing silver altar of Zin.
  2114 | D:2      | Noticed an angel
  2240 | D:2      | Reached XP level 4. HP: 24/24 MP: 8/13
  2362 | D:3      | Noticed Terence
  2464 | D:3      | Killed Terence
  3220 | D:3      | Noticed Grinder
  3220 | D:3      | Paralysed by Grinder for 5 turns
  3867 | D:4      | Reached XP level 5. HP: 21/28 MP: 9/15
  3975 | D:4      | Found a glowing golden altar of the Shining One.
  4062 | D:4      | Reached skill level 6 in Spellcasting
  4062 | D:4      | Reached skill level 1 in Charms
  4250 | D:4      | Gained mutation: Your mind is acute. (Int +2) [potion of beneficial mutation]
  4251 | D:4      | Slain by a killer bee

Action                   |  1- 3 |  4- 6 || total
-------------------------+-------+-------++-------
Melee: Short sword       |     2 |       ||     2
 Cast: Magic Dart        |    80 |    47 ||   127
       Repel Missiles    |     1 |       ||     1
       Blink             |       |     5 ||     5
       Conjure Flame     |       |     3 ||     3
  Use: Scroll            |     7 |     7 ||    14
       Potion            |       |     1 ||     1
  Eat: Chunk             |     4 |     5 ||     9
       Fruit             |       |     1 ||     1
